 Dungeon Crawl Stone Soup version 0.31-a0-370-g25055926c8 (webtiles) character file.

Game seed: 1613585426929444520

6719 Impy the Grappler (level 10, -2/85 HPs)
             Began as a Demonspawn Shapeshifter on July 29, 2023.
             Was a Believer of Makhleb.
             Slain by an entropy weaver (shapeshifter) (12 damage)
             ... on level 9 of the Dungeon.
             The game lasted 00:17:52 (7085 turns).

Impy the Grappler (Demonspawn Shapeshifter)         Turns: 7085, Time: 00:17:53

Health: -2/85      AC:  7    Str: 21    XL:     10   Next: 74%
Magic:  10/10      EV: 11    Int:  9    God:    Makhleb [**....]
Gold:   1571       SH:  0    Dex: 13    Spells: 9/9 levels left

rFire   . .          .
                       - Unarmed
rCold   . . .        (no shield)
rNeg    . . .        E - +0 troll leather armour
rPois   .            (helmet currently unavailable)
rElec   .            (cloak currently unavailable)
rCorr   .            (gloves currently unavailable)
SInv    .            k - melded +0 pair of boots
Will    .....        d - amulet of regeneration
Stlth   +            (no ring)
HPRegen 1.94/turn    (no ring)
MPRegen 0.12/turn

%: no passive effects
@: beast-form
A: beast (slay +2), icy blue scales 2, spiny 1
a: Begin Untransformation, Renounce Religion, Minor Destruction


You were on level 9 of the Dungeon.
You worshipped Makhleb.
Makhleb was pleased with you.
You were a hulking beast.
You visited 2 branches of the dungeon, and saw 10 of its levels.
You also visited: Sewer.

You collected 1571 gold pieces.

Inventory:

Missiles
 o - 2 curare-tipped darts (quivered)
 C - 2 throwing nets
Armour
 a - a +1 animal skin
 k - a +0 pair of boots (melded)
 r - a +0 kite shield
 E - a +0 troll leather armour (worn)
 F - a +1 helmet
Jewellery
 d - an amulet of regeneration (around neck)
 h - the amulet of the Princess {RegenMP rElec}
   (You acquired it on level 2 of the Dungeon)

   [amulet of magic regeneration]

   It increases your rate of magic regeneration.
   rElec:     It insulates you from electricity.
 u - a ring of magical power
 B - the ring of the Kraken {rElec rPois rC- rN+++ Str+6}
   (You acquired it on level 7 of the Dungeon)

   [ring of strength]

   Str:       It affects your strength (+6).
   rC:        It makes you vulnerable to cold.
   rElec:     It insulates you from electricity.
   rPois:     It protects you from poison.
   rN:        It renders you almost immune to negative energy.
 D - an amulet of reflection
Talismans
 c - a beast talisman
 v - a blade talisman
Wands
 l - a wand of charming (17)
 q - a wand of polymorph (6)
 t - a wand of quicksilver (4)
 G - a wand of digging (6)
Scrolls
 p - a scroll of revelation
 s - a scroll of fog
 y - 2 scrolls of teleportation
 z - 3 scrolls of identify
 A - 2 scrolls of blinking
Potions
 b - 2 potions of lignification
 e - 3 potions of heal wounds
 f - 2 potions of brilliance
 g - a potion of invisibility
 i - a potion of haste
 j - 2 potions of curing
 m - a potion of attraction
 n - a potion of might
 w - 2 potions of cancellation
 x - a potion of enlightenment


   Skills:
 + Level 10.3 Fighting
 - Level 1.7 Dodging
 - Level 12.1 Unarmed Combat
 - Level 3.0 Shapeshifting


You had 9 spell levels left.
You didn't know any spells.
Your spell library contained the following spells:

 Spells                   Type           Power      Damage    Failure   Level
 Magic Dart               Conj           0%         1d3       43%         1
 Call Imp                 Summ           0%         N/A       56%         2
 Scorch                   Fire           0%         2d5       56%         2
 Hailstorm                Conj/Ice       0%         3d3       80%         3
 Mephitic Cloud           Conj/Pois/Air  0%         N/A       80%         3
 Ozocubu's Armour         Ice            0%         N/A       80%         3
 Tukima's Dance           Hex            0%         N/A       80%         3
 Vhi's Electric Charge    Tloc/Air       0%         N/A       80%         3
 Flame Wave               Conj/Fire      0%         2d4       99%         4
 Passage of Golubria      Tloc           0%         N/A       99%         4
 Summon Ice Beast         Ice/Summ       0%         N/A       99%         4
 Arcjolt                  Conj/Air       0%         1d10      100%        5
 Metabolic Englaciation   Hex/Ice        0%         N/A       100%        5
 Silence                  Hex/Air        0%         N/A       100%        5
 Yara's Violent Unravell  Hex/Tmut       0%         3d3       100%        5
 Simulacrum               Ice/Necr       0%         N/A       100%        6
 Summon Cactus Giant      Summ           0%         N/A       100%        6
 Lehudib's Crystal Spear  Conj/Erth      0%         10d2      100%        8
 Maxwell's Capacitive Co  Air            0%         ∞         100%        8


Dungeon Overview and Level Annotations

Branches:
Dungeon (9/15)             Temple (1/1) D:7           Sewer (visited)
   Lair: D:8-11         Orc: D:9-12

Altars:
Ashenzari
Cheibriados
Dithmenos
Fedhas
Gozag
Hepliaklqana
Kikubaaqudgha
Makhleb
Nemelex Xobeh
Okawaru
Qazlal
Ru
Uskayaw
Wu Jian
Xom
Yredelemnul

Annotations:
D:5 2 transporters, paps's ghost, novice OpSh
D:8 1 runed translucent door, ouz's ghost, novice VSSh


Innate Abilities, Weirdness & Mutations

You are a hulking beast.
Your limbs bulge with bestial killing power. (Slay +2)
You are mostly covered in icy blue scales. (AC +3)
You are partially covered in sharp spines.


Message History

The entropy weaver hits you! The entropy weaver hits you.
You completely miss the entropy weaver.
The entropy weaver is moderately wounded.
The entropy weaver hits you.
The entropy weaver closely misses you. x2
The entropy weaver barely misses you.
You hit the entropy weaver. Your punch misses the entropy weaver.
The entropy weaver is moderately wounded.
The entropy weaver hits you. x2
The entropy weaver hits you but does no damage.
The entropy weaver misses you.
You hit the entropy weaver.
The entropy weaver is moderately wounded.
The entropy weaver is struck by your spines.
The entropy weaver closely misses you.
The entropy weaver hits you but does no damage.
The entropy weaver hits you. The entropy weaver barely misses you.
You hit the entropy weaver but do no damage.
The entropy weaver is heavily wounded.
The entropy weaver is struck by your spines.
The entropy weaver barely misses you. The entropy weaver hits you!
The entropy weaver hits you. x2
You barely miss the entropy weaver.
The entropy weaver is heavily wounded.
You hit the entropy weaver but do no damage.
The entropy weaver is heavily wounded.
The entropy weaver misses you.
The entropy weaver hits you but does no damage.
The entropy weaver barely misses you. The entropy weaver hits you.
You pummel the entropy weaver!!
The entropy weaver is almost dead.
The entropy weaver hits you!
The entropy weaver hits you but does no damage.
The entropy weaver hits you! x2
* * * LOW HITPOINT WARNING * * *
You completely miss the entropy weaver.
The entropy weaver is almost dead.
The entropy weaver hits you!
* * * LOW HITPOINT WARNING * * *
The entropy weaver hits you!
You die...

..............
.............
............
...........
..........
.........
........#
......Bh#
........####..#
........<.....#
................
################


You could see an entropy weaver shaped shifter.

Vanquished Creatures
  A centaur warrior (D:8)
  A boulder beetle (D:8)
  A troll (D:8)
  A shadow (D:8)
  A vampire (D:6)
  6 yaks (D:8)
  Grum (D:8)
  A steam dragon (D:9)
  Menkaure (D:6)
  3 water moccasins
  An orc warrior (D:7)
  An ice beast (D:5)
  A black bear (D:6)
  An ogre (D:4)
  4 centaurs
  3 wolves (D:8)
  A phantom (D:7)
  A bullfrog (D:8)
  A kobold brigand (D:6)
  5 scorpions
  12 wights
  3 killer bees (D:8)
  3 howler monkeys
  A bullfrog zombie (D:6)
  5 jellies
  8 hounds
  2 gnoll boudas
  Crazy Yiuf (D:7)
  A bullfrog skeleton (D:6)
  3 sleepcaps
  Jessica (D:3)
  An iguana (D:6)
  4 orc wizards
  A mummy (D:6)
  22 gnolls
  5 adders
  3 white imps
  An ufetubus (D:7)
  3 worms (D:3)
  6 dart slugs
  20 orcs
  10 ball pythons
  8 endoplasms
  8 giant cockroaches
  11 goblins
  3 hobgoblins
  12 jackals
  12 kobolds
  6 quokkas
  11 bats
  6 rats (D:1)
229 creatures vanquished.

Notes
Turn   | Place    | Note
-------+----------+-------------------------------------------
     0 | D:1      | Impy the Demonspawn Shapeshifter began the quest for the
                  | Orb.
     0 | D:1      | Reached XP level 1. HP: 15/15 MP: 1/1
    99 | D:1      | Reached skill level 3 in Unarmed Combat
   303 | D:1      | Gained mutation: You are partially covered in sharp spines.
                  | [demonic ancestry]
   303 | D:1      | Reached XP level 2. HP: 10/21 MP: 2/2
   651 | D:1      | Gained mutation: You are partially covered in icy blue
                  | scales. (AC +2) [demonic ancestry]
   651 | D:1      | Reached XP level 3. HP: 13/26 MP: 3/3
   690 | D:1      | Reached skill level 4 in Unarmed Combat
  1124 | D:2      | Identified 2 scrolls of acquirement
  1124 | D:2      | Acquired the amulet of the Princess {RegenMP rElec}
  1126 | D:2      | Acquired 1035 gold pieces
  1381 | D:2      | Acquired an amulet of regeneration
  1933 | D:3      | Reached XP level 4. HP: 32/32 MP: 4/4
  2115 | D:3      | Noticed Jessica
  2119 | D:3      | Killed Jessica
  2133 | D:3      | Reached skill level 5 in Unarmed Combat
  2415 | D:4      | Reached XP level 5. HP: 19/37 MP: 5/5
  2676 | D:4      | Noticed an ogre
  2683 | D:4      | Killed an ogre
  2684 | D:4      | Reached skill level 6 in Unarmed Combat
  2684 | D:4      | Reached XP level 6. HP: 18/43 MP: 6/6
  3077 | D:5      | Entered Level 5 of the Dungeon
  3141 | D:5      | Noticed an ice beast
  3152 | D:5      | Killed an ice beast
  3153 | D:5      | Reached skill level 7 in Unarmed Combat
  3173 | D:5      | Reached XP level 7. HP: 48/48 MP: 7/7
  3227 | D:5      | Found a glowing drain.
  3257 | Sewer    | Entered a sewer
  3293 | Sewer    | Reached skill level 8 in Unarmed Combat
  3483 | D:5      | Found a transporter.
  3483 | D:5      | Noticed paps's ghost (novice OpSh)
  3500 | D:5      | Found a transporter.
  3941 | D:5      | Reached skill level 9 in Unarmed Combat
  3941 | D:5      | Gained mutation: You are mostly covered in icy blue scales.
                  | (AC +3) [demonic ancestry]
  3941 | D:5      | Reached XP level 8. HP: 54/54 MP: 8/8
  4286 | D:6      | Found a basalt altar of Yredelemnul.
  4288 | D:6      | Noticed Menkaure
  4291 | D:6      | Found an ancient bone altar of Kikubaaqudgha.
  4294 | D:6      | Found a transporter.
  4320 | D:6      | Reached skill level 10 in Unarmed Combat
  4371 | D:6      | Found a transporter.
  4431 | D:6      | Killed Menkaure
  4486 | D:6      | Reached skill level 11 in Unarmed Combat
  4655 | D:6      | Reached XP level 9. HP: 59/59 MP: 9/9
  5530 | D:7      | Found a staircase to the Ecumenical Temple.
  5571 | Temple   | Entered the Ecumenical Temple
  5587 | Temple   | Became a worshipper of Makhleb the Destroyer
  5785 | D:7      | Reached skill level 12 in Unarmed Combat
  6094 | D:7      | Reached * piety under Makhleb
  6133 | D:7      | Acquired the ring of the Kraken {rElec rPois rC- rN+++
                  | Str+6}
  6169 | D:7      | Found a runed translucent door.
  6170 | D:7      | Noticed Crazy Yiuf
  6175 | D:7      | Killed Crazy Yiuf
  6179 | D:7      | Identified the +8 hammer of Atheiwk {holy, *Noise rPois
                  | Will+++ rCorr}
  6374 | D:8      | Noticed a boulder beetle
  6393 | D:8      | Noticed a centaur warrior
  6393 | D:8      | Noticed a troll
  6397 | D:8      | Killed a boulder beetle
  6431 | D:8      | Killed a troll
  6432 | D:8      | Reached XP level 10. HP: 64/77 MP: 10/10
  6440 | D:8      | Killed a centaur warrior
  6506 | D:8      | Noticed Grum
  6521 | D:8      | Killed Grum
  6721 | D:8      | Reached ** piety under Makhleb
  6747 | D:8      | Noticed Maggie
  6749 | D:8      | Maggie changed into Maggie the water moccasin
  6749 | D:8      | Noticed Maggie
  6756 | D:8      | Killed Maggie the water moccasin
  6764 | D:8      | Reached skill level 10 in Fighting
  6914 | D:8      | Found a runed translucent door.
  6916 | D:8      | Noticed a boulder beetle
  6916 | D:8      | Noticed ouz's ghost (novice VSSh)
  7073 | D:9      | a jumping spider changed into an entropy weaver
  7073 | D:9      | Noticed an entropy weaver (shapeshifter)
  7085 | D:9      | Slain by an entropy weaver (shapeshifter)

Illustrated notes

Levels and vault maps discovered:
D:1:      dpeg_arrival_snail, layout_basic, minmay_hexomino_f4
D:2:      layout_loops_corners, serial_park_tiny_1, kennysheep_path_1,
          hangedman_abyss_or_decor_lesser_grid
D:3:      layout_rooms, serial_glass, glass_columns_c, glass_columns_a,
          glass_columns_a, glass_columns_b, kennysheep_boxes, uniq_jessica
D:4:      layout_gridville
D:5:      layout_basic, gammafunk_ghost_stat_death, portal_sewer_entry_f
D:6:      layout_basic, gammafunk_temple_of_torment, dreamdust_gnoll_farm
D:7:      layout_loops_ring, minmay_temple_entry_mist, uniq_crazy_yiuf_cottage
D:8:      layout_loops_ring, ebering_ghost_inner_flame, kb_rosetta, uniq_maggie,
          uniq_grum
D:9:      layout_small_grid, erik_orc_3, nicolae_houndstooth_variations
Temple:   eino_temple_rhombus

Skill      XL: |  1  2  3  4  5  6  7  8  9 10 |
---------------+-------------------------------+-----
Unarmed Combat | 3 4 5 6 7 9 11 12 | 12.1
Shapeshifting  | 3 |  3.0
Fighting       | 6 10 | 10.3
Dodging        | |  1.7

Action                     |  1- 3 |  4- 6 |  7- 9 | 10-12 || total
---------------------------+-------+-------+-------+-------++-------
  Melee: Unarmed           |    92 |   102 |   248 |   104 ||   546
         Punch             |     1 |     3 |    14 |     3 ||    21
  Throw: Dart              |       |       |     2 |       ||     2
Ability: Begin Untransform |       |     1 |       |       ||     1
  Evoke: Wand              |       |       |       |     1 ||     1
    Use: Scroll            |    13 |     3 |     9 |     1 ||    26
         Potion            |       |       |     2 |       ||     2
   Stab: Sleeping          |     2 |     2 |     1 |       ||     5
 Armour: Animal skin       |    16 |    21 |    58 |     5 ||   100
         Troll leather arm |       |       |       |    22 ||    22
  Dodge: Dodged            |    53 |    44 |   110 |    50 ||   257
   Form: Beast             |       |     1 |       |       ||     1

Table legend: (Time is in decaauts)
 A = Elapsed time spent in this place.
 B = Non-inter-level travel time spent in this place.
 C = Inter-level travel time spent in this place.
 D = Time resting spent in this place.
 E = Time spent auto-exploring this place.
 F = Levels seen in this place.
 G = Mean time per level.
                   A        B        C        D        E       F      G
               +--------+--------+--------+--------+--------+-----+--------+
         Total |   6986 |   6647 |    339 |    100 |   5143 |  11 |  635.1 |
       Dungeon |   6838 |   6529 |    309 |    100 |   5090 |   9 |  759.8 |
        Temple |     32 |      2 |     30 |      0 |      0 |   1 |   32.0 |
         Sewer |    115 |    115 |      0 |      0 |     53 |   1 |  115.0 |
               +--------+--------+--------+--------+--------+-----+--------+

Top non-repeatable levels by time:
     D:6: 1213 daAuts
     D:5: 980 daAuts
     D:1: 979 daAuts
     D:7: 901 daAuts
     D:2: 851 daAuts
     D:4: 697 daAuts
     D:8: 669 daAuts
     D:3: 533 daAuts
   Sewer: 115 daAuts
  Temple: 32 daAuts
     D:9: 13 daAuts
